 Dungeon Crawl Stone Soup version 0.26-a0-346-g33516b1736 (webtiles) character file.

310 potome the Bolt Thrower (level 6, 0/40 HPs)
             Began as a Kobold Hunter on July 15, 2018.
             Succumbed to a scorpion's poison
             ... on level 5 of the Dungeon on July 17, 2020.
             The game lasted 00:09:19 (3345 turns).

potome the Bolt Thrower (Kobold Hunter)             Turns: 3345, Time: 00:09:20

Health: 0/40       AC:  8    Str: 11    XL:     6   Next: 70%
Magic:  6/6        EV: 13    Int: 12    God:
Gold:   215        SH:  0    Dex: 16    Spells: 5/5 levels left

rFire    . . .     SeeInvis .   b - +0 short sword
rCold    . . .     Faith    .   (shield restricted)
rNeg     . . .     Spirit   .   i - +0 scale mail
rPois    +         Reflect  .   n - +1 helmet
rElec    .         Harm     .   (no cloak)
rCorr    +                      (no gloves)
MR       .....                  (no boots)
Stlth    +.........             (no amulet)
HPRegen  0.13/turn              h - ring of resist corrosion
MPRegen  0.10/turn              w - ring of poison resistance

@: lethally poisoned (0 -> -7)
A: small
a: no special abilities


You were on level 5 of the Dungeon.
You visited 1 branch of the dungeon, and saw 5 of its levels.

You collected 215 gold pieces.

Inventory:

Hand Weapons
 a - a +1 hand crossbow
 b - a +0 short sword (weapon)
Missiles
 d - 8 bolts
Armour
 c - a +0 leather armour
 i - a +0 scale mail (worn)
 n - a +1 helmet (worn)
Jewellery
 h - a ring of resist corrosion (left hand)
 w - a ring of poison resistance (right hand)
 y - the amulet "Waome" {RegenMP *Contam rC+++ rN+ Int+2, unknown}
   (You found it on level 4 of the Dungeon)

   [amulet of magic regeneration]

   It increases your magic regeneration.
   It affects your intelligence (+2).
   It renders you almost immune to cold.
   It protects you from negative energy.
   It causes magical contamination when unequipped.
Scrolls
 f - 4 scrolls of remove curse {unknown}
 j - a scroll of immolation {unknown}
 l - a scroll of random uselessness {unknown}
 m - 4 scrolls of identify {unknown}
 o - a scroll of teleportation {unknown}
 q - a scroll of amnesia {unknown}
 s - a scroll of magic mapping {unknown}
Potions
 g - 2 potions of heal wounds {unknown}
 k - a potion of invisibility {unknown}
 p - a potion of curing {unknown}
 r - a potion of cancellation {unknown}
 t - a potion of stabbing {unknown}
 u - 2 potions of might {unknown}
 x - a potion of ambrosia {unknown}
Comestibles
 e - 4 removed foods {!d}
 v - 3 removed foods


   Skills:
 + Level 5.0 Fighting
 * Level 6.2 Crossbows
 * Level 1.0 Armour
 - Level 4.0 Dodging
 - Level 1.9 Stealth


You had 5 spell levels left.
You didn't know any spells.
Your spell library was empty.

Dungeon Overview and Level Annotations

Branches:
Dungeon (5/15)
 Temple: D:4-7

Altars:
Sif Muna

Annotations:
D:1 exclusions: dart slug, 3 giant cockroaches and 56 more exclusions


Message History

* * * LOW HITPOINT WARNING * * *
You feel sick. The scorpion closely misses you.
You hit the scorpion.
The scorpion is almost dead.
* * * LOW HITPOINT WARNING * * *
You feel sick. The scorpion stings you.
* * * LOW HITPOINT WARNING * * *
You hit the scorpion.
You kill the scorpion!
Your Armour skill increases to level 1!
* * * LOW HITPOINT WARNING * * *
You feel sick.
* * * LOW HITPOINT WARNING * * *
You feel sick.
You see here a scorpion corpse.
* * * LOW HITPOINT WARNING * * *
You feel sick.
* * * LOW HITPOINT WARNING * * *
You feel sick.
You die...

#.#.# #.#.#
#.#.# #.#.#
#.#.#####
#.......#
#.......#
#.<.†..@#
#.......#
#...........
...............
########.######
..# ... ....(


There were no monsters in sight!

Vanquished Creatures
  A scorpion (D:5)
  A howler monkey (D:4)
  A hound (D:4)
  4 gnolls (D:4)
  6 adders
  An ooze (D:4)
  6 worms
  A dart slug (D:1)
  3 leopard geckos (D:1)
  7 orcs
  5 bats
  4 giant cockroaches
  5 goblins
  4 hobgoblins
  6 jackals
  4 kobolds
  2 ball pythons
  4 frilled lizards
  A leopard gecko skeleton (D:4)
  11 rats
77 creatures vanquished.

Notes
Turn   | Place    | Note
-------+----------+-------------------------------------------
     0 | D:1      | potome the Kobold Hunter began the quest for the Orb.
     0 | D:1      | Reached XP level 1. HP: 12/12 MP: 1/1
   138 | D:1      | Reached XP level 2. HP: 18/18 MP: 2/2
   225 | D:1      | Reached skill level 5 in Crossbows
   742 | D:2      | Reached XP level 3. HP: 22/22 MP: 3/3
  1226 | D:2      | Reached XP level 4. HP: 28/28 MP: 4/4
  2087 | D:4      | Reached XP level 5. HP: 33/33 MP: 5/5
  2470 | D:4      | Found a deep blue altar of Sif Muna.
  2575 | D:4      | Reached XP level 6. HP: 40/40 MP: 6/6
  2699 | D:4      | Upgraded the game from 0.22-a0-748-g283c1ef38e to
                  | 0.26-a0-346-g33516b1736
  2727 | D:4      | Reached skill level 6 in Crossbows
  2734 | D:4      | Reached skill level 5 in Fighting
  3229 | D:4      | Got a flickering ivory amulet
  3316 | D:5      | Entered Level 5 of the Dungeon
  3341 | D:5      | Reached skill level 1 in Armour
  3343 | D:5      | HP: 2/40 [poisoned by a scorpion]
  3345 | D:5      | Succumbed to a scorpion's poison

Illustrated notes

Levels and vault maps discovered:
D:1:      ncdulo_halloftheorcs
D:2:      minmay_quantized
D:3:      first_ration
D:4:      hangedman_abyss_or_decor_passed, columned_hall_lemuel, led_sif_pool
D:5:      layout_basic, chequers_temple_overflow_statue_of_worship,
          kennysheep_mini, nicolae_ossuary_entry_false_entrances, minivault_23,
          uniq_duvessa

Skill      XL: |  1  2  3  4  5  6 |
---------------+-------------------+-----
Crossbows      | 5 6 |  6.2
Fighting       | 3 4 5 |  5.0
Dodging        | 3 4 |  4.0
Armour         | 1 |  1.0
Stealth        | |  1.9

Action                   |  1- 3 |  4- 6 || total
-------------------------+-------+-------++-------
Melee: Short sword       |       |    54 ||    54
 Fire: Hand crossbow     |    75 |   147 ||   222
  Eat: Removed food      |     9 |     5 ||    14
Armor: Scale mail        |     2 |    38 ||    40
       Leather armour    |     1 |       ||     1
Dodge: Dodged            |    15 |    91 ||   106

Table legend:
 A = Non-vault XP
 B = Vault XP
 C = Vault XP percentage of total XP
 D = Non-vault monster count
 E = Vault monster count
 F = Vault count percentage of total count
                 A         B        C        D         E       F
            +---------+---------+-------+---------+---------+-------
      Total |     444 |       0 |   0.0 |      77 |       0 |   0.0
            +---------+---------+-------+---------+---------+-------
        D:1 |      25 |       0 |   0.0 |      12 |       0 |   0.0
        D:2 |      56 |       0 |   0.0 |      21 |       0 |   0.0
        D:3 |      53 |       0 |   0.0 |      22 |       0 |   0.0
        D:4 |     243 |       0 |   0.0 |      21 |       0 |   0.0
        D:5 |      67 |       0 |   0.0 |       1 |       0 |   0.0
            +---------+---------+-------+---------+---------+-------
